AoeStats
← guerras90

Arena

510344528Analyzed
1v1 RM · 1d ago on Sep 30, 2026· 44m 48s· 2 players
Game mode
Random Map
Map size
Tiny (2 player)
Population
200
Speed
Normal
Resources
Standard
Victory
Conquest
Starting age
Dark Age
Ending age
Imperial Age
RankedLock teamsTeams togetherTeam positionsShared explorationLock speedFull tech treeHidden civsTurbo modeCheats
Victory
Defeat
🇬🇹 Vikings · Guatemala
868
+16
🇪🇸 Maya · Spain
860
-16
guerras90
0:47 Loom
12:42 Feudal Age
17:44 Castle Age
16:05 Man-at-Arms
18:03 Double-Bit Axe
18:22 Scale Mail Armor
18:33 Forging
19:07 Squires
19:54 Horse Collar
20:50 Pikeman
21:33 Eagle Warrior
21:59 Arson
25:13 Bow Saw
26:58 Wheelbarrow
27:47 Chain Mail Armor
29:05 Gold Mining
29:05 Stone Mining
35:22 Imperial Age
34:36 Iron Casting
35:52 Hand Cart
37:48 Holcans
37:39 Elite Eagle Warrior
37:58 Capped Ram
38:59 Heavy Plow
40:59 Treadmill Crane
42:23 Blast Furnace
41:54 Plate Mail Armor
43:41 Elite Plumed Archer
44:54 Fletching
45:38 Ballistics
Tang Dynasty
11:30 Feudal Age
11:07 Loom
16:12 Castle Age
14:19 Double-Bit Axe
14:36 Horse Collar
15:26 Gold Mining
15:37 Stone Mining
22:45 Town Watch
24:26 Town Patrol
28:59 Imperial Age
28:01 Gold Shaft Mining
27:39 Bow Saw
27:42 Heavy Plow
27:44 Padded Archer Armor
28:34 Chieftains
30:16 Conscription
31:09 Elite Berserk
34:57 Onager
36:43 Scale Mail Armor
36:53 Forging
36:34 Fletching
37:21 Ballistics
38:02 Chemistry
38:58 Bogsveigar
39:16 Heavy Scorpion
42:33 Hoardings
Connection lost

Rejoining the realm…

Still unreachable

The connection could not be restored.

Session expired

The server has moved on; the page needs a fresh start.